 Dungeon Crawl Stone Soup version 0.28.0-1-gb440e238dd (webtiles) character file.

Game seed: 3202332263759449196

4018 Crownlay the Thaumaturge (level 10, -6/66 HPs)
             Began as an Octopode Earth Elementalist on Feb 20, 2022.
             Was a Follower of Vehumet.
             Mangled by a killer bee (8 damage)
             ... on level 8 of the Dungeon.
             The game lasted 00:19:10 (9808 turns).

Crownlay the Thaumaturge (OpEE)                     Turns: 9808, Time: 00:19:11

Health: -6/66      AC:  1    Str: 13    XL:     10   Next: 23%
Magic:  19/24      EV: 13    Int: 31    God:    Vehumet [*.....]
Gold:   477        SH:  0    Dex: 12    Spells: 23/29 levels left

rFire   + . .      SeeInvis .   y - +3 halberd (flame)
rCold   . . .      Faith    .   (shield currently unavailable)
rNeg    . . .      Spirit   .   (helmet restricted)
rPois   +          Reflect  .   o - amulet of regeneration
rElec   +          Harm     .   h - ring of wizardry
rCorr   .          Rampage  .   m - ring "Hefaoh" {rElec Int+6}
Will    +....                   n - ring of wizardry
Stlth   +++.......              s - ring of Ciekkyce {rPois rF+ Will+ Str+4 Int+4}
HPRegen 1.01/turn               (no ring)
MPRegen 0.19/turn               (no ring)
                                (no ring)
                                (no ring)

@: lethally poisoned (-6 -> -6)
A: almost no armour, amphibious, 8 rings, camouflage 1, gelatinous body 1,
(nimble swimmer 1), tentacles
a: Renounce Religion


You were on level 8 of the Dungeon.
You worshipped Vehumet.
Vehumet was aware of your devotion.
You visited 2 branches of the dungeon, and saw 9 of its levels.
You also visited: Sewer.

You collected 477 gold pieces.

Inventory:

Hand Weapons
 y - a +3 halberd of flaming (weapon)
Missiles
 b - 172 stones
Jewellery
 h - a ring of wizardry (left tentacle)
 m - the ring "Hefaoh" (right tentacle) {rElec Int+6}
   (You found it on level 3 of the Dungeon)

   [ring of intelligence]

   Int:       It affects your intelligence (+6).
   rElec:     It insulates you from electricity.
 n - a ring of wizardry (on tentacle)
 o - an amulet of regeneration (around mantle)
 s - the ring of Ciekkyce (on tentacle) {rPois rF+ Will+ Str+4 Int+4}
   (You found it on level 4 of the Dungeon)

   [ring of willpower]

   Str:       It affects your strength (+4).
   Int:       It affects your intelligence (+4).
   rF:        It protects you from fire.
   rPois:     It protects you from poison.
   Will:      It increases your willpower.
Wands
 i - a wand of iceblast (7)
 z - a wand of digging (5)
 A - a wand of paralysis (6)
 B - a wand of mindburst (11)
 E - a wand of polymorph (6)
Scrolls
 a - 2 scrolls of enchant armour
 e - a scroll of noise {unknown}
 g - 2 scrolls of fog
 k - a scroll of blinking {unknown}
 p - 3 scrolls of teleportation
 q - a scroll of magic mapping {unknown}
 r - 2 scrolls of enchant weapon {unknown}
 w - a scroll of silence {unknown}
 x - 3 scrolls of fear {unknown}
 C - a scroll of summoning {unknown}
 D - a scroll of identify
Potions
 c - 2 potions of magic {unknown}
 d - 3 potions of brilliance {unknown}
 f - 3 potions of curing {unknown}
 j - 2 potions of attraction {unknown}
 l - 3 potions of degeneration {unknown}
 t - 3 potions of flight {unknown}
 u - a potion of cancellation {unknown}
 v - a potion of heal wounds {unknown}


   Skills:
 + Level 5.4 Fighting
 - Level 2.0 Dodging
 - Level 2.6 Stealth
 * Level 10.3 Spellcasting
 - Level 1.0 Transmutations
 + Level 8.3 Earth Magic


You had 23 spell levels left.
You knew the following spells:

 Your Spells              Type           Power      Damage    Failure   Level
a - Sandblast             Erth           100%       2d20      1%          1
b - Passwall              Tmut/Erth      36%        N/A       1%          2
c - Stone Arrow           Conj/Erth      82%        3d12      1%          3

Your spell library contained the following spells:

 Spells                   Type           Power      Damage    Failure   Level
 Shock                    Conj/Air       60%        1d6       1%          1
 Petrify                  Tmut/Erth      44%        N/A       1%          4


Dungeon Overview and Level Annotations

Branches:
Dungeon (8/15)             Temple (1/1) D:6           Sewer (visited)
   Lair: D:8-11

Altars:
Ashenzari
Cheibriados
Elyvilon
Fedhas
Gozag
Hepliaklqana
Kikubaaqudgha
Makhleb
Nemelex Xobeh
Okawaru
Qazlal
Ru
Trog
Uskayaw
Vehumet
Wu Jian
Xom
Yredelemnul
The Shining One


Innate Abilities, Weirdness & Mutations

You cannot wear most types of armour.
You are amphibious.
You can wear up to eight rings at the same time.
Your skin changes colour to match your surroundings (Stealth+).
Your rubbery body absorbs attacks. (AC +1, EV +1)
((You are camouflaged when in or above water. (Stealth+)))
You have tentacles for arms and can constrict up to eight enemies at once.


Message History

The blast of sand misses the killer bee.
The killer bee buzzes angrily.
The blast of sand hits the killer bee!
The killer bee is almost dead.
The killer bee stings you. The killer bee barely misses you.
The blast of sand hits the killer bee!!
You kill the killer bee!
Vehumet accepts your kill. The killer bee misses you.
The killer bee stings you!
The killer bee barely misses you. x2; The killer bee stings you.
The blast of sand misses the killer bee.
The blast of sand hits the killer bee!
The killer bee is heavily wounded.
The killer bee misses you. x2; The killer bee closely misses you.
The killer bee stings you. The killer bee completely misses you.
The killer bee closely misses you.
The blast of sand hits the killer bee.
The killer bee is lightly wounded.
The killer bee stings you!
You are poisoned.
The killer bee poisons you! The killer bee closely misses you. x2
The killer bee stings you. The killer bee misses you.
The killer bee stings you!
The blast of sand hits the killer bee!!
You kill the killer bee!
Vehumet accepts your kill.
You feel sick.
The killer bee stings you but does no damage.
The killer bee stings you. The killer bee stings you!
The killer bee barely misses you. The killer bee stings you!
* * * LOW HITPOINT WARNING * * *
You are too injured to fight recklessly!
You feel sick. The killer bee completely misses you.
You feel sick. The killer bee stings you!
* * * LOW HITPOINT WARNING * * *
The killer bee stings you.
* * * LOW HITPOINT WARNING * * *
The killer bee closely misses you.
You feel sick. The killer bee stings you!
You die...

#.............# ##
#...#..######.# #####
# ##.....#### #.#
#...## ####.....###.#
##....##
####......###......##
####....##.......# ##
# ##............# ##.
#.#
#...#........####..
....
##.@###.......##..##
..... #..y#
#.......#..##
......##yy##
##........##
......†..##
#......### .........#
##.....# ........##
##....# .........
####.# ......... ##.#
.........# #..#


You could see 3 killer bees.

Vanquished Creatures
  A two-headed ogre (D:8)
  A hornet (D:6)
  A spriggan (D:7)
  A steam dragon (D:7)
  Edmund (D:5)
  A water moccasin (D:7)
  An orc warrior (D:7)
  Pargi (Sewer)
  2 sky beasts
  A black bear (D:6)
  2 ogres (D:6)
  3 necrophages
  A phantom (D:5)
  2 kobold brigands
  A wyvern zombie (D:8)
  4 scorpions
  A water moccasin zombie (D:6)
  A water moccasin skeleton (D:4)
  8 killer bees
  A centaur zombie (D:8)
  A hound (D:7)
  2 gnoll shamans (D:5)
  2 jellies
  Crazy Yiuf (D:5)
  3 orc priests
  Jessica (D:2)
  An iguana (D:4)
  Ijyb (D:3)
  Natasha (twice) (D:3)
  3 orc wizards
  Terence (D:2)
  2 killer bee zombies
  A hound skeleton (D:4)
  A howler monkey zombie (D:8)
  A mummy (D:4)
  7 adders
  9 gnolls
  3 white imps
  An adder zombie (D:4)
  2 worms
  A dart slug (D:4)
  9 orcs
  6 endoplasms
  9 giant cockroaches
  3 goblins
  7 hobgoblins
  6 jackals
  4 quokkas
  10 ball pythons
  7 bats
  5 frilled lizards
  10 kobolds
  3 kobold zombies (D:4)
  An orc zombie (D:4)
  13 rats
174 creatures vanquished.

Vanquished Creatures (others)
  A plant (D:6)
1 creature vanquished.

Grand Total: 175 creatures vanquished

Notes
Turn   | Place    | Note
-------+----------+-------------------------------------------
     0 | D:1      | Crownlay the Octopode Earth Elementalist began the quest
                  | for the Orb.
     0 | D:1      | Reached XP level 1. HP: 11/11 MP: 3/3
    91 | D:1      | Reached XP level 2. HP: 17/17 MP: 3/5
   220 | D:1      | Found a faded altar of an unknown god.
   890 | D:1      | Reached XP level 3. HP: 8/21 MP: 7/7
  1149 | D:1      | Reached skill level 3 in Spellcasting
  1363 | D:1      | Learned a level 2 spell: Passwall
  1367 | D:1      | Learned a level 3 spell: Stone Arrow
  2356 | D:2      | Noticed Jessica
  2359 | D:2      | Killed Jessica
  2360 | D:2      | Reached XP level 4. HP: 20/27 MP: 7/9
  3187 | D:2      | Noticed Terence
  3195 | D:2      | Killed Terence
  3344 | D:3      | Reached skill level 4 in Spellcasting
  3344 | D:3      | Reached XP level 5. HP: 31/31 MP: 5/11
  3449 | D:3      | Noticed Ijyb
  3466 | D:3      | Killed Ijyb
  4217 | D:3      | Noticed Natasha
  4221 | D:3      | Killed Natasha
  4246 | D:3      | Identified the ring "Hefaoh" {rElec Int+6}
  4625 | D:3      | Noticed a necrophage
  4630 | D:3      | Killed a necrophage
  4631 | D:3      | Reached XP level 6. HP: 35/36 MP: 7/13
  4718 | D:3      | Noticed Natasha
  4721 | D:3      | Killed Natasha
  4722 | D:3      | Reached skill level 5 in Spellcasting
  4858 | D:4      | Found a glowing drain.
  4864 | Sewer    | Entered a sewer
  4915 | Sewer    | Noticed Pargi
  4921 | Sewer    | Killed Pargi
  5103 | D:4      | Reached skill level 5 in Earth Magic
  5103 | D:4      | Reached XP level 7. HP: 37/41 MP: 15/15
  5335 | D:4      | Reached skill level 6 in Spellcasting
  5516 | D:4      | Identified the ring of Ciekkyce {rPois rF+ Will+ Str+4
                  | Int+4}
  5630 | D:4      | Reached XP level 8. HP: 46/46 MP: 14/18
  5805 | D:5      | Entered Level 5 of the Dungeon
  5925 | D:5      | Reached skill level 7 in Spellcasting
  6043 | D:5      | Found a runed translucent door.
  6044 | D:5      | Noticed Crazy Yiuf
  6084 | D:5      | Reached skill level 1 in Fighting
  6160 | D:5      | Noticed Edmund
  6166 | D:5      | Killed Edmund
  6510 | D:5      | Killed Crazy Yiuf
  6809 | D:6      | Reached skill level 8 in Spellcasting
  6964 | D:6      | Found a staircase to the Ecumenical Temple.
  6969 | D:6      | Reached XP level 9. HP: 55/55 MP: 14/21
  6976 | Temple   | Entered the Ecumenical Temple
  7183 | Temple   | Became a worshipper of Vehumet
  7732 | D:6      | Noticed a hornet
  7735 | D:6      | Killed a hornet
  8061 | D:7      | Reached skill level 9 in Spellcasting
  8781 | D:7      | Reached * piety under Vehumet
  8781 | D:7      | Offered knowledge of Shock by Vehumet.
  8864 | D:7      | Found a faded altar of an unknown god.
  8865 | D:7      | Found a hazy altar of Hepliaklqana.
  9349 | D:8      | Reached XP level 10. HP: 65/65 MP: 19/23
  9353 | D:8      | Reached skill level 5 in Fighting
  9559 | D:8      | Noticed a two-headed ogre
  9563 | D:8      | Killed a two-headed ogre
  9564 | D:8      | Reached skill level 10 in Spellcasting
  9807 | D:8      | HP: 2/66 [killer bee (6)]
  9808 | D:8      | Mangled by a killer bee

Illustrated notes

Levels and vault maps discovered:
D:1:      denvon_arrival_waterhouse, layout_basic,
          nicolae_ecumenical_snake_handling, minivault_27
D:2:      layout_basic, minmay_tromino_v2, uniq_jessica, uniq_terence
D:3:      layout_loops_corners, uniq_natasha, uniq_ijyb
D:4:      kb_forest_paths, layout_loops_ring, lightli_sewer_entry_pipes,
          minmay_mini_ossuary
D:5:      layout_cave_pools, uniq_edmund, uniq_crazy_yiuf_cottage
D:6:      layout_loops_ring, minmay_temple_entry_enclosed_plants
D:7:      layout_loops_ring, beargit_hepliaklqana_dungeon_heroes, serial_rivers,
          chequers_serial_rivers_large_a, chequers_serial_rivers_small_b,
          chequers_serial_rivers_marsh, chequers_serial_rivers_room_a,
          minmay_misc_feat_plants
D:8:      layout_cave_pods
Temple:   mainiacjoe_temple_starburst

Skill      XL: |  1  2  3  4  5  6  7  8  9 10 |
---------------+-------------------------------+-----
Spellcasting   | 3 4 5 6 8 9 10 | 10.3
Earth Magic    | 4 5 6 8 |  8.3
Fighting       | 2 4 5 |  5.4
Dodging        | |  2.0
Stealth        | |  2.6
Transmutations | |  1.0

Action                   |  1- 3 |  4- 6 |  7- 9 | 10-12 || total
-------------------------+-------+-------+-------+-------++-------
Melee: Unarmed           |    28 |       |       |       ||    28
       Constrict         |    17 |    15 |    10 |       ||    42
       Tentacles         |    12 |     9 |     9 |       ||    30
       Battleaxe         |    40 |    66 |    27 |       ||   133
       Punch             |       |       |     1 |       ||     1
       Halberd           |       |       |    10 |       ||    10
 Cast: Sandblast         |    14 |    27 |    68 |    11 ||   120
       Stone Arrow       |       |     2 |    59 |     3 ||    64
  Use: Scroll            |       |     2 |     1 |       ||     3
 Stab: Sleeping          |    14 |    12 |     6 |       ||    32
Armor: Skin              |    11 |     8 |     2 |     1 ||    22
Dodge: Dodged            |    64 |    71 |    38 |    15 ||   188
